| TOP OF THE 1ST |
|
San Diego Padres batting - Pitching for San Francisco Giants : RHP Ronnie Sims
|
|
Pitching: RHP Ronnie Sims
|
|
|
Batting: RHB Bob Dernier
|
0-0: Foul Ball, location: 2F 0-1: Called Strike 0-2: Strikes out swinging, 2-3 out at first.
|
|
Batting: RHB Dennis Dungy
|
0-0: Called Strike 0-1: Ball 1-1: Ball 2-1: Ball 3-1: Base on Balls
|
|
Batting: LHB Tom Dunbar
|
0-0: Ball 1-0: Called Strike 1-1: Ball 2-1: Ball 3-1: Fly out, F7 (Flyball, 78M, EV 88.8 MPH)
|
|
Batting: LHB Jerry McDonald
|
0-0: Called Strike 0-1: Ball 1-1: Foul Ball, location: 2F 1-2: Strikes out swinging
|
| Top of the 1st over - 0 runs, 0 hits, 0 errors, 1 left on base; San Diego 0 - San Francisco 0 |
| BOTTOM OF THE 1ST |
|
San Francisco Giants batting - Pitching for San Diego Padres : RHP Mark Eichhorn
|
|
Pitching: RHP Mark Eichhorn
|
|
|
Batting: SHB Kevin Bass
|
0-0: Ball 1-0: Ball 2-0: Foul Ball, location: 2F 2-1: Ball 3-1: Base on Balls
|
|
Batting: LHB Ken Griffey Sr
|
0-0: Fielders Choice at 2nd, 4-6 (Groundball, 4, EV 88.8 MPH)
|
|
Batting: LHB Keith Hernandez
|
0-0: Called Strike Ken Griffey Sr steals 2nd base 0-1: Ball 1-1: Ball 2-1: Foul Ball, location: 2F 2-2: SINGLE (Groundball, 34D, EV 100.6 MPH) Ken Griffey Sr to third Runner from 3rd tries for Home, SAFE, throw by RF to home
|
|
Batting: RHB Phil Bailey
|
0-0: Ball 1-0: Ball 2-0: Foul Ball, location: 2F 2-1: Ball 3-1: Fly out, F1 (Line Drive, P, EV 68.1 MPH)
|
|
Batting: RHB Dickie Thon
|
0-0: Swinging Strike 0-1: Called Strike 0-2: Foul Ball, location: 2F 0-2: Ball Keith Hernandez is caught stealing 2nd base 2-4
|
| Bottom of the 1st over - 1 run, 1 hit, 0 errors, 0 left on base; San Diego 0 - San Francisco 1 |
| TOP OF THE 2ND |
|
San Diego Padres batting - Pitching for San Francisco Giants : RHP Ronnie Sims
|
|
Now in CF: Doug Frobel
|
|
|
Batting: LHB Chris Chambliss
|
0-0: Ground out 6-3 (Groundball, 6, EV 84.4 MPH)
|
|
Batting: LHB Darrell Porter
|
0-0: Ball 1-0: Called Strike 1-1: Ball 2-1: Fly out, F7 (Flyball, 7LM, EV 102.5 MPH)
|
|
Batting: RHB Mike Calise
|
0-0: Ball 1-0: Swinging Strike 1-1: DOUBLE (Groundball, 5L, EV 106.9 MPH)
|
|
Batting: LHB Jeffrey Zitek
|
0-0: Ball 1-0: Called Strike 1-1: Swinging Strike 1-2: Ball 2-2: Ball 3-2: Ground out U3 (Groundball, 34S, EV 90.6 MPH)
|
| Top of the 2nd over - 0 runs, 1 hit, 0 errors, 1 left on base; San Diego 0 - San Francisco 1 |
| BOTTOM OF THE 2ND |
|
San Francisco Giants batting - Pitching for San Diego Padres : RHP Mark Eichhorn
|
|
Batting: RHB Dickie Thon
|
0-0: Called Strike 0-1: Ground out U3 (Groundball, 34S, EV 86.3 MPH)
|
|
Batting: SHB Tyler O'Dell
|
0-0: Ball 1-0: Called Strike 1-1: Called Strike 1-2: Fly out, F7 (Line Drive, 7, EV 85.6 MPH)
|
|
Batting: RHB Don Slaught
|
0-0: Called Strike 0-1: Ball 1-1: Ball 2-1: Swinging Strike 2-2: DOUBLE (Line Drive, 5D, EV 97.5 MPH)
|
|
Batting: RHB Kevin Howard
|
0-0: Called Strike 0-1: Ball 1-1: Ball 2-1: Called Strike 2-2: Ball 3-2: Foul Ball, location: 2F 3-2: Strikes out looking
|
| Bottom of the 2nd over - 0 runs, 1 hit, 0 errors, 1 left on base; San Diego 0 - San Francisco 1 |
| TOP OF THE 3RD |
|
San Diego Padres batting - Pitching for San Francisco Giants : RHP Ronnie Sims
|
|
Batting: RHB Mark Eichhorn
|
0-0: Swinging Strike 0-1: Ball 1-1: Foul Ball, location: 2F 1-2: Strikes out looking
|
|
Batting: RHB Bob Dernier
|
0-0: Called Strike 0-1: Swinging Strike 0-2: Strikes out swinging
|
|
Batting: RHB Dennis Dungy
|
0-0: Foul Ball, location: 2F 0-1: Swinging Strike 0-2: Ball 1-2: Foul Ball, location: 2F 1-2: Ground out 6-3 (Groundball, 56, EV 104.4 MPH)
|
| Top of the 3rd over - 0 runs, 0 hits, 0 errors, 0 left on base; San Diego 0 - San Francisco 1 |
| BOTTOM OF THE 3RD |
|
San Francisco Giants batting - Pitching for San Diego Padres : RHP Mark Eichhorn
|
|
Batting: RHB Ronnie Sims
|
0-0: Foul Ball, location: 2F 0-1: SINGLE (Line Drive, 4M, EV 103.8 MPH)
|
|
Batting: SHB Kevin Bass
|
0-0: SINGLE (Flyball, 9LS, EV 90.6 MPH) Ronnie Sims to second
|
|
Batting: LHB Doug Frobel
|
0-0: SINGLE (Line Drive, 34D, EV 106.3 MPH) Ronnie Sims to third Kevin Bass to second Runner from 3rd tries for Home, SAFE, throw by RF to home
|
|
Batting: LHB Keith Hernandez
|
0-0: Foul Ball, location: 2F 0-1: Lines into TRIPLE play, 3-6-3 (Line Drive, 3, EV 73.8 MPH)
|
| Bottom of the 3rd over - 1 run, 3 hits, 0 errors, 0 left on base; San Diego 0 - San Francisco 2 |
| TOP OF THE 4TH |
|
San Diego Padres batting - Pitching for San Francisco Giants : RHP Ronnie Sims
|
|
Batting: LHB Tom Dunbar
|
0-0: Ball 1-0: Ground out 4-3 (Groundball, 4, EV 98.1 MPH)
|
|
Batting: LHB Jerry McDonald
|
0-0: Ball 1-0: Foul Ball, location: 2F 1-1: Ground out U3 (Groundball, 3, EV 88.1 MPH)
|
|
Batting: LHB Chris Chambliss
|
0-0: Ball 1-0: Called Strike 1-1: Called Strike 1-2: Foul Ball, location: 2F 1-2: Ball 2-2: Ball 3-2: Strikes out swinging
|
| Top of the 4th over - 0 runs, 0 hits, 0 errors, 0 left on base; San Diego 0 - San Francisco 2 |
| BOTTOM OF THE 4TH |
|
San Francisco Giants batting - Pitching for San Diego Padres : RHP Mark Eichhorn
|
|
Batting: RHB Phil Bailey
|
0-0: Called Strike 0-1: Ball 1-1: Ball 2-1: Ball 3-1: Called Strike 3-2: Foul Ball, location: 2F 3-2: Fly out, F9 (Flyball, 9LM, EV 96.9 MPH)
|
|
Batting: RHB Dickie Thon
|
0-0: Ball 1-0: Swinging Strike 1-1: Ground out 4-3 (Groundball, 34, EV 108.8 MPH)
|
|
Batting: SHB Tyler O'Dell
|
0-0: Ball 1-0: Ground out 4-3 (Groundball, 4, EV 86.3 MPH)
|
| Bottom of the 4th over - 0 runs, 0 hits, 0 errors, 0 left on base; San Diego 0 - San Francisco 2 |
| TOP OF THE 5TH |
|
San Diego Padres batting - Pitching for San Francisco Giants : RHP Ronnie Sims
|
|
Batting: LHB Darrell Porter
|
0-0: Called Strike 0-1: Foul Ball, location: 2F 0-2: Ball 1-2: Ball 2-2: Strikes out swinging
|
|
Batting: RHB Mike Calise
|
0-0: Ball 1-0: SINGLE (Groundball, 6MS, EV 66.3 MPH) (infield hit)
|
|
Batting: LHB Jeffrey Zitek
|
0-0: Ball 1-0: Fly out, F8 (Line Drive, 8RD, EV 98.1 MPH)
|
|
Batting: RHB Mark Eichhorn
|
0-0: Ball 1-0: Ball 2-0: Called Strike 2-1: Foul Ball, location: 2F 2-2: Ball 3-2: Strikes out swinging
|
| Top of the 5th over - 0 runs, 1 hit, 0 errors, 1 left on base; San Diego 0 - San Francisco 2 |
| BOTTOM OF THE 5TH |
|
San Francisco Giants batting - Pitching for San Diego Padres : RHP Mark Eichhorn
|
|
Batting: RHB Don Slaught
|
0-0: Ball 1-0: Fly out, F9 (Flyball, 9, EV 88.8 MPH)
|
|
Batting: RHB Kevin Howard
|
0-0: Called Strike 0-1: SINGLE (Line Drive, 7S, EV 98.1 MPH)
|
|
Batting: RHB Ronnie Sims
|
0-0: Bunted foul 0-1: Bunted foul 0-2: Sac Bunt to 23 - play at first, batter OUT! 3-4 Kevin Howard to second
|
|
Batting: SHB Kevin Bass
|
0-0: Ball 1-0: SINGLE (Line Drive, 89S, EV 111.9 MPH) Kevin Howard to third Runner from 3rd tries for Home, SAFE, throw by RF to home
|
|
Batting: LHB Doug Frobel
|
0-0: Called Strike Kevin Bass steals 2nd base 0-1: Ball 1-1: Fly out, F6 (Line Drive, 6, EV 68.8 MPH)
|
| Bottom of the 5th over - 1 run, 2 hits, 0 errors, 1 left on base; San Diego 0 - San Francisco 3 |
| TOP OF THE 6TH |
|
San Diego Padres batting - Pitching for San Francisco Giants : RHP Ronnie Sims
|
|
Batting: RHB Bob Dernier
|
0-0: Called Strike 0-1: Ball 1-1: Foul Ball, location: 2F 1-2: Foul Ball, location: 2F 1-2: Ball 2-2: Strikes out looking
|
|
Batting: RHB Dennis Dungy
|
0-0: Foul Ball, location: 2F 0-1: Foul Ball, location: 2F 0-2: Ball 1-2: Foul Ball, location: 2F 1-2: Hit by Pitch
|
|
Batting: LHB Tom Dunbar
|
0-0: Called Strike 0-1: Ball 1-1: Ball 2-1: Foul Ball, location: 2F 2-2: Ball 3-2: Fielders Choice at 2nd, 3-6 (Groundball, 34, EV 80.6 MPH)
|
|
Batting: LHB Jerry McDonald
|
0-0: Ball 1-0: Ball Tom Dunbar is caught stealing 2nd base 2-6
|
| Top of the 6th over - 0 runs, 0 hits, 0 errors, 0 left on base; San Diego 0 - San Francisco 3 |
| BOTTOM OF THE 6TH |
|
San Francisco Giants batting - Pitching for San Diego Padres : RHP Mark Eichhorn
|
|
Batting: LHB Keith Hernandez
|
0-0: Called Strike 0-1: Foul Ball, location: 2F 0-2: Foul Ball, location: 2F 0-2: Strikes out swinging
|
|
Batting: RHB Phil Bailey
|
0-0: Called Strike 0-1: Ball 1-1: DOUBLE (Line Drive, 5D, EV 97.5 MPH)
|
|
Batting: RHB Dickie Thon
|
0-0: Called Strike 0-1: Ground out U3 (Groundball, 34, EV 85.0 MPH) Phil Bailey to third
|
|
Batting: SHB Tyler O'Dell
|
0-0: Foul Ball, location: 2F 0-1: Ground out 4-3 (Groundball, 4, EV 101.9 MPH)
|
| Bottom of the 6th over - 0 runs, 1 hit, 0 errors, 1 left on base; San Diego 0 - San Francisco 3 |
| TOP OF THE 7TH |
|
San Diego Padres batting - Pitching for San Francisco Giants : RHP Ronnie Sims
|
|
Batting: LHB Jerry McDonald
|
0-0: Ball 1-0: Ball 2-0: Called Strike 2-1: Swinging Strike 2-2: Ball 3-2: Strikes out swinging
|
|
Batting: LHB Chris Chambliss
|
0-0: Foul Ball, location: 2F 0-1: Ball 1-1: Foul Ball, location: 2F 1-2: Strikes out swinging
|
|
Batting: LHB Darrell Porter
|
0-0: Ball 1-0: Ground out U3 (Groundball, 13, EV 85.6 MPH)
|
| Top of the 7th over - 0 runs, 0 hits, 0 errors, 0 left on base; San Diego 0 - San Francisco 3 |
| BOTTOM OF THE 7TH |
|
San Francisco Giants batting - Pitching for San Diego Padres : RHP Mark Eichhorn
|
|
Batting: RHB Don Slaught
|
0-0: Ball 1-0: Foul Ball, location: 2F 1-1: Reached on error, E8 (Flyball, 8RM, EV 73.8 MPH)
|
|
Batting: RHB Kevin Howard
|
0-0: Ball 1-0: Ball 2-0: Ball Wild Pitch! Don Slaught to second 3-0: Called Strike 3-1: Called Strike 3-2: SINGLE (Line Drive, 89S, EV 98.1 MPH) Don Slaught to third Runner from 3rd tries for Home, SAFE, throw by CF to home
|
|
Batting: RHB Ronnie Sims
|
0-0: Bunted foul 0-1: Bunted foul 0-2: Bunted foul, Strikeout!
|
|
Batting: SHB Kevin Bass
|
0-0: Ball 1-0: Ground out U3 (Groundball, 34S, EV 61.3 MPH) Kevin Howard to second
|
|
Batting: LHB Doug Frobel
|
0-0: Fly out, F4 (Popup, 34, EV 63.8 MPH)
|
| Bottom of the 7th over - 1 run, 1 hit, 1 error, 1 left on base; San Diego 0 - San Francisco 4 |
| TOP OF THE 8TH |
|
San Diego Padres batting - Pitching for San Francisco Giants : RHP Ronnie Sims
|
|
Batting: RHB Mike Calise
|
0-0: Ball 1-0: Foul Ball, location: 2F 1-1: Ball 2-1: Ground out U3 (Groundball, 34S, EV 83.1 MPH)
|
|
Batting: LHB Jeffrey Zitek
|
0-0: Ball 1-0: Ball 2-0: Ball 3-0: Foul Ball, location: 2F 3-1: Ground out 6-3 (Groundball, 6M, EV 85.6 MPH)
|
|
Batting: RHB Mark Eichhorn
|
0-0: Called Strike 0-1: Foul Ball, location: 2F 0-2: Strikes out swinging
|
| Top of the 8th over - 0 runs, 0 hits, 0 errors, 0 left on base; San Diego 0 - San Francisco 4 |
| BOTTOM OF THE 8TH |
|
San Francisco Giants batting - Pitching for San Diego Padres : RHP Mark Eichhorn
|
|
Batting: LHB Keith Hernandez
|
0-0: Foul Ball, location: 2F 0-1: SINGLE (Groundball, 34D, EV 110.6 MPH)
|
|
Batting: RHB Phil Bailey
|
0-0: Foul Ball, location: 2F 0-1: SINGLE (Line Drive, 9S, EV 106.9 MPH) Keith Hernandez to second
|
|
Batting: RHB Dickie Thon
|
0-0: Fly out, F5 (Line Drive, 5, EV 61.9 MPH)
|
|
Batting: SHB Tyler O'Dell
|
0-0: Ball 1-0: Ball 2-0: Fly out, F9 (Line Drive, 9, EV 99.4 MPH)
|
|
Batting: RHB Don Slaught
|
0-0: Called Strike 0-1: SINGLE (Groundball, 23, EV 70.6 MPH) (infield hit) Keith Hernandez to third Phil Bailey to second
|
|
Batting: RHB Kevin Howard
|
0-0: Ball 1-0: Swinging Strike 1-1: Swinging Strike 1-2: Ball 2-2: Fielders Choice at 2nd, 6-4 (Groundball, 6, EV 85.6 MPH)
|
| Bottom of the 8th over - 0 runs, 3 hits, 0 errors, 3 left on base; San Diego 0 - San Francisco 4 |
| TOP OF THE 9TH |
|
San Diego Padres batting - Pitching for San Francisco Giants : RHP Ronnie Sims
|
|
Pitching: LHP Sheldon Burnside
|
|
|
Batting: RHB Bob Dernier
|
0-0: Ball 1-0: Foul Ball, location: 2F 1-1: Foul Ball, location: 2F 1-2: Fly out, F2 (Popup, 23F, EV 81.3 MPH)
|
|
Batting: RHB Dennis Dungy
|
0-0: Ball 1-0: Ball 2-0: SINGLE (Groundball, 6MD, EV 106.3 MPH)
|
|
Batting: LHB Tom Dunbar
|
0-0: Ball 1-0: Ball 2-0: Called Strike 2-1: Foul Ball, location: 2F 2-2: Foul Ball, location: 2F 2-2: Hit by Pitch Dennis Dungy to second
|
|
Batting: LHB Jerry McDonald
|
0-0: Ball 1-0: SINGLE (Groundball, 4M, EV 92.5 MPH) (infield hit) Dennis Dungy to third Tom Dunbar to second
|
|
Pinch Hitting: RHB Dave Edler
|
0-0: Foul Ball, location: 2F 0-1: SINGLE (Line Drive, 89M, EV 101.9 MPH) Dennis Dungy scores Tom Dunbar to third Jerry McDonald to second
|
|
Pinch Hitting: RHB Tommy Curran
|
0-0: SINGLE (Groundball, 34D, EV 106.9 MPH) Tom Dunbar scores Jerry McDonald to third Dave Edler to second
|
|
Batting: RHB Mike Calise
|
0-0: Called Strike 0-1: Ball 1-1: Ball 2-1: Foul Ball, location: 2F 2-2: Foul Ball, location: 2F 2-2: Strikes out swinging
|
|
Pinch Hitting: RHB Joel Youngblood
|
0-0: Foul Ball, location: 2F 0-1: Fly out, F9 (Flyball, 89M, EV 81.9 MPH)
|
| Top of the 9th over - 2 runs, 4 hits, 0 errors, 3 left on base; San Diego 2 - San Francisco 4 |
|